 Dungeon Crawl Stone Soup version 0.31.0-32-g396128a36d (webtiles) character file.

Game seed: 7707874896776529326

17692 bearlyready the Severer (level 12, -6/160 HPs)
             Began as a Hill Orc Berserker on Mar 26, 2024.
             Was a High Priest of Trog.
             Mangled by a two-headed ogre simulacrum (17 damage)
             ... in an ice cave.
             The game lasted 00:16:37 (14234 turns).

bearlyready the Severer (Hill Orc Berserker)       Turns: 14234, Time: 00:16:37

Health: -6/160     AC:  7    Str: 25    XL:     12   Next: 50%
Magic:  4/4        EV: 11    Int:  7    God:    Trog [*****.]
Gold:   678        SH:  0    Dex: 10    Spells: 11/11 levels left

rFire   . . .        a - +6 battleaxe "Riqaaqerah" {antimagic, rElec rPois}
rCold   . . .        (shield currently unavailable)
rNeg    . . .        j - +0 ring mail "Kupaits" {Will+}
rPois   +            v - +0 helmet
rElec   +            (no cloak)
rCorr   +            K - +0 pair of gloves
SInv    .            (no boots)
Will    ++...        L - amulet of the acrobat Stlth
                     d - ring of resist corrosion
HPRegen 0.46/turn    P - ring of willpower
MPRegen 0.09/turn

%: acrobat
@: berserking, very quick
A: no striking features
a: Renounce Religion, Berserk, Trog's Hand, Brothers in Arms


You were in an ice cave.
You worshipped Trog.
Trog was extremely pleased with you.
You visited 2 branches of the dungeon, and saw 14 of its levels.
You also visited: Ossuary and Ice Cave.

You collected 755 gold pieces.
You spent 77 gold pieces at shops.

Inventory:

Hand Weapons
 a - the +6 battleaxe "Riqaaqerah" (weapon) {antimagic, rElec rPois}
   (You found it on level 8 of the Dungeon)

   rElec:     It insulates you from electricity.
   rPois:     It protects you from poison
 N - a +2 battleaxe
 O - a +4 war axe
Missiles
 o - 10 boomerangs
 w - 23 poisoned darts (quivered)
 y - 2 javelins
 C - a throwing net
Armour
 j - the +0 ring mail "Kupaits" (worn) {Will+}
   (You found it on level 3 of the Dungeon)

   Will+:     It increases your willpower.
 v - a +0 helmet (worn)
 K - a +0 pair of gloves (worn)
 Q - the +5 robe of Misfortune {Harm *Corrode *Slow EV+5}
   (You found it on level 10 of the Dungeon)

   EV+5:      It affects your evasion (+5).
   *Corrode:  It may corrode you when you take damage.
   *Slow:     It may slow you when you take damage.
   Harm:      It increases damage dealt and taken.
 V - a +0 scale mail of fire resistance
Jewellery
 d - a ring of resist corrosion (left hand)
 m - an amulet of magic regeneration
 z - a ring of flight
 L - an amulet of the acrobat (around neck)
 P - a ring of willpower (right hand)
Wands
 B - a wand of paralysis (15)
 F - a wand of mindburst (15)
 T - a wand of light (13)
 U - a wand of digging (4)
Scrolls
 b - 2 scrolls of enchant armour
 c - 10 scrolls of teleportation
 e - 2 scrolls of blinking
 h - 3 scrolls of enchant weapon
 p - a scroll of summoning
 q - 2 scrolls of amnesia
 r - 2 scrolls of torment
 s - a scroll of silence
 t - 2 scrolls of noise
 u - a scroll of fear
 A - a scroll of revelation
 D - a scroll of poison
 E - 7 scrolls of vulnerability {unknown}
 H - 2 scrolls of immolation {unknown}
 R - a scroll of fog {unknown}
 S - 3 scrolls of identify
Potions
 f - 6 potions of lignification
 g - 5 potions of enlightenment
 i - 4 potions of might {unknown}
 k - 3 potions of magic {unknown}
 l - 4 potions of attraction {unknown}
 x - 12 potions of curing {unknown}
 G - 3 potions of degeneration {unknown}
 I - a potion of mutation {unknown}
 J - 2 potions of haste {unknown}
 M - a potion of brilliance {unknown}
 W - a potion of invisibility {unknown}


   Skills:
 + Level 10.5 Fighting
 + Level 17.3 Axes
 - Level 6.3 Throwing
 - Level 2.1 Armour
 - Level 1.5 Dodging
 + Level 10.9 Evocations


You had 11 spell levels left.
You didn't know any spells.
Your spell library was empty.

Dungeon Overview and Level Annotations

Branches:
Dungeon (13/15)            Temple (1/1) D:5            Lair (0/5) D:9
    Orc (0/2) D:10        Ossuary (visited)           IceCv (1/1)
 Vaults: D:13-14

Altars:
Ashenzari
Cheibriados
Dithmenos
Elyvilon
Fedhas
Gozag
Hepliaklqana
Kikubaaqudgha
Makhleb
Nemelex Xobeh
Okawaru
Qazlal
Ru
Sif Muna
Trog
Uskayaw
Vehumet
Wu Jian
Xom
Yredelemnul
Zin
The Shining One

Shops:
D:2 ?[=![   D:5 *   D:10 [   D:12 *

Annotations:
D:5 1 runed translucent door, whendricso's ghost, novice DjHW


Message History

Trog accepts your kill.
You miss the ufetubus. The ufetubus misses you.
The ufetubus hits you but does no damage. x2
The ufetubus hits you.
You closely miss the ufetubus. The ufetubus barely misses you.
The ufetubus closely misses you.
You carve the ufetubus like a ham!!!
You kill the ufetubus!
Trog accepts your kill.
You slash the two-headed ogre simulacrum!
The two-headed ogre simulacrum hits you!
The two-headed ogre simulacrum freezes you!!
The two-headed ogre simulacrum hits you!
* * * LOW HITPOINT WARNING * * *
The two-headed ogre simulacrum freezes you!
* * * LOW HITPOINT WARNING * * *
You feel much better.
A red film seems to cover your vision as you go berserk!
You feel yourself moving faster!
You feel mighty!
The two-headed ogre simulacrum hits you.
The two-headed ogre simulacrum freezes you!!
* * * LOW HITPOINT WARNING * * *
The two-headed ogre simulacrum hits you but does no damage.
The two-headed ogre simulacrum hits you!
* * * LOW HITPOINT WARNING * * *
The two-headed ogre simulacrum freezes you!
* * * LOW HITPOINT WARNING * * *
The two-headed ogre simulacrum barely misses you.
You slash the two-headed ogre simulacrum!
The two-headed ogre simulacrum is moderately damaged.
You slash the two-headed ogre simulacrum!
The two-headed ogre simulacrum vaporises!
Trog accepts your kill.
You slash the two-headed ogre simulacrum!
The two-headed ogre simulacrum is severely damaged.
The two-headed ogre simulacrum barely misses you.
The two-headed ogre simulacrum hits you.
* * * LOW HITPOINT WARNING * * *
The two-headed ogre simulacrum freezes you!
You die...

# .###.####
........###
#.....∩○.##
##.#...Z@.#
#####..#
####


You could see a two-headed ogre simulacrum.

Vanquished Creatures
  2 boulder beetles
  2 two-headed ogres
  A cyclops (D:13)
  An unseen horror (D:11)
  A kobold demonologist (D:12)
  2 trolls (D:10)
  2 hornets
  6 slime creatures
  3 wraiths
  26 yaks
  A steam dragon (D:8)
  17 vampire mosquitoes
  An acid dragon (D:11)
  9 orc warriors
  4 water moccasins
  An ice beast (D:5)
  5 black bears
  2 centaurs (D:10)
  A kobold brigand (D:12)
  Blork the orc (D:4)
  2 two-headed ogre simulacra
  A gnoll sergeant (D:9)
  8 bullfrogs
  4 scorpions
  15 wights
  13 killer bees
  An elephant simulacrum (D:13)
  4 howler monkeys
  3 bombardier beetles
  4 hounds
  A gnoll bouda (D:5)
  A centaur skeleton (Ossuary)
  4 orc priests (D:10)
  2 jellies
  Jessica (D:2)
  24 orc wizards
  A spriggan simulacrum (D:13)
  3 troll simulacra (D:13)
  A crocodile zombie (Ossuary)
  10 mummies (Ossuary)
  Robin (D:4)
  10 gnolls
  2 naga simulacra (D:13)
  4 adders
  3 white imps
  4 ufetubi
  2 dart slugs
  A ribbon worm (D:2)
  43 orcs
  9 bats
  8 endoplasms
  2 giant cockroaches
  12 goblins
  7 hobgoblins
  3 jackals (D:4)
  3 quokkas
  7 ball pythons
  6 frilled lizards
  3 gnoll skeletons (Ossuary)
  9 kobolds
  A kobold skeleton (Ossuary)
  3 orc skeletons (Ossuary)
  3 rats
  10 spectral rats (Ossuary)
347 creatures vanquished.

Notes
Turn   | Place    | Note
-------+----------+-------------------------------------------
     0 | D:1      | bearlyready the Hill Orc Berserker began the quest for the
                  | Orb.
     0 | D:1      | Reached XP level 1. HP: 19/19 MP: 1/1
   315 | D:1      | Reached XP level 2. HP: 24/26 MP: 2/2
   762 | D:2      | You fall into a shaft and drop 2 floors!
   786 | D:4      | Reached skill level 5 in Axes
   836 | D:4      | Noticed a black bear
   854 | D:4      | Killed a black bear
   855 | D:4      | Reached skill level 7 in Axes
   855 | D:4      | Reached XP level 3. HP: 28/31 MP: 3/3
   855 | D:4      | Reached XP level 4. HP: 36/39 MP: 4/4
   944 | D:4      | Found a sacrificial altar of Ru.
  1037 | D:4      | Found a radiant altar of Vehumet.
  1092 | D:4      | Reached XP level 5. HP: 10/45 MP: 5/5
  1234 | D:4      | Noticed Blork the orc
  1247 | D:4      | Killed Blork the orc
  1248 | D:4      | Reached skill level 8 in Axes
  1303 | D:4      | Reached XP level 6. HP: 23/51 MP: 6/6
  1436 | D:3      | Identified the +0 ring mail "Kupaits" {Will+}
  1444 | D:3      | Reached ** piety under Trog
  1506 | D:2      | Found Gops's Jewellery Shop.
  1562 | D:2      | Found Revih's Armour Boutique.
  1657 | D:2      | Found Alamaure's Magic Scroll Shop.
  1666 | D:2      | Bought a scroll of identify for 22 gold pieces
  1741 | D:2      | Noticed Jessica
  1746 | D:2      | Killed Jessica
  1747 | D:2      | Reached skill level 9 in Axes
  1869 | D:2      | Found Cutoerer's Armour Shoppe.
  1936 | D:2      | Found Dietre's Distillery.
  1983 | D:2      | Bought a potion of heal wounds for 55 gold pieces
  2329 | D:3      | Reached *** piety under Trog
  2828 | D:4      | Reached skill level 10 in Axes
  2840 | D:4      | Reached XP level 7. HP: 57/57 MP: 7/7
  2844 | D:4      | Noticed Robin
  2857 | D:4      | Killed Robin
  3267 | D:4      | Found a bloodstained altar of Trog.
  3663 | D:5      | Entered Level 5 of the Dungeon
  3678 | D:5      | Reached **** piety under Trog
  3729 | D:5      | Found an ancient bone altar of Kikubaaqudgha.
  3739 | D:5      | Found a staircase to the Ecumenical Temple.
  3850 | D:5      | Noticed whendricso's ghost (novice DjHW)
  3857 | D:5      | Found a runed translucent door.
  3863 | D:5      | Found Ciokhy's Gadget Gallery.
  3887 | D:5      | Reached skill level 11 in Axes
  3887 | D:5      | Reached skill level 1 in Evocations
  4151 | D:5      | Reached XP level 8. HP: 52/64 MP: 8/8
  4382 | Temple   | Entered the Ecumenical Temple
  4644 | D:6      | Reached skill level 12 in Axes
  4697 | D:6      | Found a sand-covered staircase.
  4704 | Ossuary  | Entered an ossuary
  5629 | D:6      | Reached skill level 5 in Evocations
  5631 | D:6      | Found an iron altar of Okawaru.
  5803 | D:6      | Reached skill level 13 in Axes
  5803 | D:6      | Reached XP level 9. HP: 44/70 MP: 9/9
  5865 | D:6      | Reached ***** piety under Trog
  5887 | D:6      | Reached skill level 1 in Throwing
  6603 | D:7      | Noticed a hornet
  6617 | D:7      | Killed a hornet
  6920 | D:7      | Found a snail-covered altar of Cheibriados.
  7431 | D:8      | Noticed a two-headed ogre
  7438 | D:8      | Killed a two-headed ogre
  7439 | D:8      | Reached skill level 14 in Axes
  7439 | D:8      | Reached XP level 10. HP: 77/77 MP: 10/10
  7459 | D:8      | Found a shadowy altar of Dithmenos.
  7478 | D:8      | Identified the +6 battleaxe "Riqaaqerah" {antimagic, rElec
                  | rPois}
  7786 | D:8      | Received a gift from Trog
  7790 | D:8      | Reached skill level 5 in Fighting
  8327 | D:8      | Found a stormy altar of Qazlal.
  8640 | D:9      | Reached skill level 5 in Throwing
  9110 | D:9      | Reached skill level 15 in Axes
  9672 | D:9      | Noticed a two-headed ogre
  9681 | D:9      | Killed a two-headed ogre
  9682 | D:9      | Reached XP level 11. HP: 91/91 MP: 3/11
  9781 | D:9      | Found a staircase to the Lair.
  9822 | D:9      | Found a shimmering blue altar of Sif Muna.
  9977 | D:10     | Entered Level 10 of the Dungeon
  9986 | D:10     | Paralysed by a hornet for 1 turns
 10153 | D:10     | Found the +5 robe of Misfortune {Harm *Corrode *Slow EV+5}
 10322 | D:10     | Found Cheibriados's Comfort Zone.
 10375 | D:10     | Found a snail-covered altar of Cheibriados.
 10812 | D:10     | Found a staircase to the Orcish Mines.
 11187 | D:11     | Reached skill level 16 in Axes
 12401 | D:12     | Reached skill level 10 in Evocations
 12415 | D:12     | Reached XP level 12. HP: 48/104 MP: 4/12
 13008 | D:12     | Noticed a boulder beetle
 13142 | D:11     | Killed a boulder beetle
 13240 | D:11     | Reached skill level 17 in Axes
 13526 | D:12     | Reached skill level 10 in Fighting
 13827 | D:12     | Found Coinum's Blood Bar.
 14073 | D:13     | Found a frozen archway.
 14077 | D:13     | Noticed a boulder beetle
 14095 | D:13     | Killed a boulder beetle
 14223 | IceCv    | Entered an ice cave
 14234 | IceCv    | Mangled by a two-headed ogre simulacrum

Illustrated notes

Levels and vault maps discovered:
D:1:      psy_arrival_terrarium, layout_basic
D:2:      layout_basic, serial_shops, nicolae_shop_real_fake_doors, shop, shop,
          shop, shop_statue, kennysheep_generic_room_10, uniq_jessica
D:3:      layout_rooms
D:4:      layout_layer_cave, hangedman_ru_absence, vehumet_crystals,
          kennysheep_mini, uniq_blork_the_orc, uniq_robin
D:5:      layout_rooms, nicolae_overflow_hidden_temple,
          minmay_temple_entry_large_hall, hellmonk_ghost_happy_afterlife,
          chequers_serial_rivers_large_b, nicolae_shop_gadgets
D:6:      layout_basic, okawaru_trees_2, lightli_ossuary_entry_decrepit_ruins,
          grunt_ministairs_9
D:7:      layout_basic, mainiacjoe_overflow_cross_hatched
D:8:      layout_loops_ring, mainiacjoe_overflow_small_starburst,
          nicolae_overflow_crystal_walls
D:9:      layout_long_grid, led_sif_pool, due_lair_maze_entry_diamond
D:10:     layout_cave_pools, david_orc_4, minmay_shop_chei
D:11:     layout_roguey, hangedman_glass_teeth, lemuel_old_faithful
D:12:     layout_loops_cross, guppyfry_shop_blood
D:13:     layout_loops_ring, portal_ice_cave_entry_ice_simulacra,
          nrook_guardian_serpent_ordinary
Temple:   nicolae_temple_figure_eight
IceCv:    ice_cave_caverns_02

Skill      XL: |  1  2  3  4  5  6  7  8  9 10 11 12 |
---------------+-------------------------------------+-----
Axes           | 7 8 10 11 13 14 15 16 17 | 17.3
Evocations     | 2 5 7 8 10 | 10.9
Throwing       | 3 5 6 |  6.3
Fighting       | 6 9 10 | 10.5
Armour         | |  2.1
Dodging        | |  1.5

Action                     |  1- 3 |  4- 6 |  7- 9 | 10-12 || total
---------------------------+-------+-------+-------+-------++-------
  Melee: Hand axe          |    58 |   129 |       |       ||   187
         War axe           |       |    34 |   349 |       ||   383
         Punch             |       |     2 |       |       ||     2
         Battleaxe         |       |       |    17 |   433 ||   450
  Throw: Dart              |       |       |     6 |     6 ||    12
 Invoke: Berserk           |     1 |     2 |     6 |    10 ||    19
  Evoke: Wand              |       |       |     1 |     8 ||     9
    Use: Scroll            |       |     2 |     8 |     6 ||    16
         Potion            |       |       |       |     2 ||     2
   Stab: Sleeping          |     1 |       |       |       ||     1
         Paralysed         |       |       |     3 |     2 ||     5
 Armour: Animal skin       |    36 |    29 |       |       ||    65
         Ring mail         |       |    71 |   237 |   403 ||   711
  Dodge: Dodged            |    32 |    78 |   154 |   243 ||   507
